 Dungeon Crawl Stone Soup version 0.23-a0-563-g409694ba0a (webtiles) character file.

22745 Maize the Severer (level 12, -9/113 HPs)
             Began as a Minotaur Berserker on Dec 13, 2018.
             Was a High Priest of Trog.
             Mangled by a swamp worm (11 damage)
             ... on level 2 of the Lair of Beasts.
             The game lasted 00:22:58 (13616 turns).

Maize the Severer (Minotaur Berserker)             Turns: 13616, Time: 00:22:59

Health: -9/113     AC: 19    Str: 28    XL:     12   Next: 65%
Magic:  13/13      EV:  9    Int:  4    God:    Trog [*****.]
Gold:   1689       SH:  0    Dex:  9    Spells: 11/11 levels left

rFire    . . .     SeeInvis +   P - +2 battleaxe (venom)
rCold    . . .     Gourm    .   (shield currently unavailable)
rNeg     . . .     Faith    .   C - +0 plate armour
rPois    .         Spirit   .   (helmet restricted)
rElec    .         Reflect  .   H - +2 cloak
rCorr    +         Harm     .   (no gloves)
MR       .....                  (no boots)
Stlth    ..........             (no amulet)
HPRegen  0.28/turn              o - ring of resist corrosion
MPRegen  0.13/turn              i - ring of see invisible

@: berserk cooldown, slowed, very slow
A: retaliatory headbutt, horns 2
a: Berserk, Trog's Hand, Brothers in Arms, Renounce Religion


You were on level 2 of the Lair of Beasts.
You worshipped Trog.
Trog was extremely pleased with you.
You were very hungry.

You visited 2 branches of the dungeon, and saw 13 of its levels.
You also visited: Ossuary and Bailey.

You collected 1689 gold pieces.

Inventory:

Hand Weapons
 s - a +4 antimagic dire flail
 P - a +2 battleaxe of venom (weapon)
Missiles
 M - 28 tomahawks of returning (quivered)
Armour
 C - a +0 plate armour (worn)
 H - a +2 cloak (worn)
 N - a +2 scale mail of cold resistance
Jewellery
 i - a ring of see invisible (right hand)
 o - a ring of resist corrosion (left hand)
 x - an uncursed ring of protection from fire
Wands
 b - a wand of random effects (28)
 u - a wand of acid (8)
 z - a wand of clouds (7)
 E - a wand of flame (18)
 G - a wand of iceblast (12)
 I - a wand of polymorph (7)
 J - a wand of digging (6)
 O - a wand of disintegration (15)
Scrolls
 e - 3 scrolls of holy word
 f - 5 scrolls of teleportation
 j - 4 scrolls of amnesia
 k - 11 scrolls of remove curse
 l - a scroll of identify
 m - 3 scrolls of enchant weapon {unknown}
 p - 5 scrolls of fear
 v - 3 scrolls of magic mapping {unknown}
 w - a scroll of random uselessness {unknown}
 y - a scroll of torment {unknown}
 B - 2 scrolls of enchant armour
 D - a scroll of fog {unknown}
 Q - a scroll of immolation {unknown}
Potions
 a - a potion of lignification {unknown}
 d - 3 potions of flight
 g - 3 potions of ambrosia
 h - 4 potions of curing
 q - 3 potions of heal wounds
 r - 3 potions of might
 t - 2 potions of brilliance
 A - 3 potions of haste {unknown}
 L - a potion of resistance {unknown}
Miscellaneous
 K - a lamp of fire
Comestibles
 c - 24 rations
 n - 4 chunks of flesh


   Skills:
 + Level 12.8 Fighting
 * Level 16.9 Axes
 + Level 12.6 Armour
 - Level 2.5 Dodging
 + Level 3.0 Evocations


You had 11 spell levels left.
You didn't know any spells.
Your spell library was empty.

Dungeon Overview and Level Annotations

Branches:
Dungeon (11/15)            Temple (0/1) D:4            Lair (2/6) D:10
    Orc (0/2) D:9
  Swamp: Lair:2-4    Shoals: Lair:2-4     Snake: Lair:2-4    Spider: Lair:2-4

Altars:
Nemelex Xobeh
Okawaru
Sif Muna
Xom
The Shining One


Innate Abilities, Weirdness & Mutations

You reflexively headbutt those who attack you in melee.
You have a pair of horns on your head.


Message History

A swamp worm comes into view.
The swamp worm throws harpoon shot at you.
The harpoon shot hits you!
* * * LOW HITPOINT WARNING * * *
You are yanked forward by the harpoon shot.
Splash!
You hear an angry hiss.
You feel your anger nearly subside.
You are no longer berserk.
Trog's vigour flows through your veins.
You are exhausted.
You feel yourself slow down.
A water moccasin comes into view.
The swamp worm throws harpoon shot at you.
The harpoon shot hits you!
* * * LOW HITPOINT WARNING * * *
You are yanked forward by the harpoon shot.
Splash!
You fall into the shallow water.
Moving in this stuff is going to be slow.
The swamp worm bites you!
You die...

≈≈≈≈≈# ###≈≈≈# # .≈
≈≈#P≈≈#### ###### .≈≈
≈≈≈≈≈≈#P###P##PP .≈≈#
#≈≈≈.....>.....
≈≈≈≈#######≈†≈....÷......
#≈≈≈≈≈≈≈≈≈≈≈.##..##.#'##
#P.≈≈≈≈≈w≈≈.S...........
##.....@w##†............
#P.....####.............
........# ##.............
P..#..<.###........#.#.#.
.. #.....................
#................#..##
#.####.##.......P.. P. ##
##......P.. ... #........


You could see 2 swamp worms and a water moccasin (wandering).

Vanquished Creatures
  A hydra (Lair:2)
  Erica (D:10)
  A centaur warrior (D:8)
  3 two-headed ogres
  2 orc knights (Bailey)
  An ugly thing (D:9)
  2 manticores
  Maurice (D:8)
  4 spiny frogs
  Joseph (D:8)
  2 komodo dragons
  A rime drake (Lair:2)
  A queen bee (D:8)
  A troll (D:11)
  Grinder (D:5)
  3 polar bears (D:9)
  2 tyrant leeches (Lair:2)
  A dream sheep (D:9)
  7 blink frogs (Lair:2)
  7 hippogriffs
  Eustachio (D:5)
  A wraith (D:11)
  7 yaks
  A basilisk (Lair:1)
  A steam dragon (D:9)
  4 swamp worms (Lair:2)
  A vampire mosquito (D:8)
  Edmund (D:5)
  2 water moccasins (Lair:2)
  3 porcupines
  6 phantoms
  6 orc warriors
  3 ice beasts
  3 sky beasts
  6 black bears
  4 ogres
  A wolf (D:9)
  5 centaurs
  4 crocodiles
  2 big kobolds
  A gnoll sergeant (D:11)
  5 bullfrogs
  14 killer bees (D:8)
  4 howler monkeys
  6 centaur zombies
  4 crimson imps
  A bullfrog zombie (D:5)
  7 hounds
  2 jellies
  8 orc priests
  2 centaur skeletons
  4 orc wizards
  Ijyb (D:5)
  2 iguanas (D:8)
  5 worker ants
  3 big kobold zombies (Ossuary)
  A killer bee zombie (D:4)
  A hound zombie (D:7)
  4 mummies (Ossuary)
  A worker ant zombie (D:6)
  11 gnolls
  9 adders
  2 howler monkey skeletons
  2 shadow imps
  3 oozes
  An adder zombie (D:5)
  4 worms
  2 dart slugs
  5 leopard geckos
  21 orcs
  11 goblins
  8 hobgoblins
  10 jackals
  A quokka (D:10)
  11 bats
  8 frilled lizards
  2 hobgoblin zombies (Ossuary)
  39 kobolds
  2 quokka zombies
  7 rats
  A rat zombie (D:8)
  3 plants (D:10)
344 creatures vanquished.

Vanquished Creatures (collateral kills)
  A polar bear (D:9)
  A blink frog (Lair:2)
  A yak (D:9)
3 creatures vanquished.

Vanquished Creatures (others)
  4 plants (Lair:2)
4 creatures vanquished.

Grand Total: 351 creatures vanquished

Notes
Turn   | Place    | Note
-------+----------+-------------------------------------------
     0 | D:1      | Maize the Minotaur Berserker began the quest for the Orb.
     0 | D:1      | Reached XP level 1. HP: 19/19 MP: 0/0
   104 | D:1      | Reached XP level 2. HP: 27/27 MP: 1/1
   173 | D:1      | Reached skill level 4 in Axes
   458 | D:1      | Reached XP level 3. HP: 33/33 MP: 2/2
   587 | D:1      | Reached ** piety under Trog
   988 | D:2      | Reached XP level 4. HP: 32/40 MP: 3/3
  1021 | D:2      | Found a deep blue altar of Sif Muna.
  1349 | D:3      | Reached skill level 5 in Axes
  1410 | D:3      | You fall through a shaft for 3 floors!
  1422 | D:6      | Reached XP level 5. HP: 47/47 MP: 4/4
  1520 | D:6      | Reached skill level 5 in Fighting
  1694 | D:5      | Entered Level 5 of the Dungeon
  1707 | D:5      | Reached skill level 6 in Axes
  1707 | D:5      | Reached XP level 6. HP: 55/56 MP: 5/5
  1742 | D:5      | Noticed Grinder
  1764 | D:5      | Paralysed by Grinder for 2 turns
  1775 | D:5      | Killed Grinder
  1775 | D:5      | Reached *** piety under Trog
  1775 | D:5      | Reached skill level 7 in Axes
  1775 | D:5      | Reached skill level 5 in Armour
  1775 | D:5      | Reached XP level 7. HP: 18/63 MP: 6/6
  2235 | D:3      | Reached skill level 8 in Axes
  2967 | D:4      | Found a staircase to the Ecumenical Temple.
  3052 | D:4      | Found a glowing golden altar of the Shining One.
  3394 | D:5      | Reached XP level 8. HP: 37/71 MP: 7/7
  3394 | D:5      | Noticed Edmund
  3414 | D:5      | Killed Edmund
  3727 | D:5      | Noticed Eustachio
  3750 | D:5      | Killed Eustachio
  3750 | D:5      | Reached skill level 9 in Axes
  4318 | D:5      | Noticed Ijyb
  4330 | D:5      | Killed Ijyb
  4613 | D:6      | Found the +4 robe of Augmentation {Str+4 Int+4 Dex+4}
  4999 | D:7      | Reached skill level 10 in Axes
  5113 | D:7      | Reached **** piety under Trog
  5117 | D:7      | Reached XP level 9. HP: 6/81 MP: 8/8
  5875 | D:8      | Reached skill level 11 in Axes
  6021 | D:8      | Found an iron altar of Okawaru.
  6088 | D:8      | Found a sparkling altar of Nemelex Xobeh.
  6088 | D:8      | Noticed a centaur warrior
  6103 | D:8      | Killed a centaur warrior
  6116 | D:8      | Reached skill level 12 in Axes
  6141 | D:8      | Noticed Joseph
  6148 | D:8      | Killed Joseph
  6244 | D:8      | Found a sand-covered staircase.
  6244 | D:8      | Noticed Maurice
  6264 | D:8      | Killed Maurice
  6264 | D:8      | Reached XP level 10. HP: 35/91 MP: 9/9
  6274 | Ossuary  | Entered an ossuary
  6279 | Ossuary  | HP: 1/91 [mummy (8)]
  7215 | D:8      | Reached skill level 10 in Fighting
  7215 | D:8      | Reached skill level 13 in Axes
  7776 | D:9      | Noticed a brown ugly thing
  7794 | D:9      | Killed a brown ugly thing
  7801 | D:9      | Reached skill level 10 in Armour
  7916 | D:9      | Identified the Volume of Darkness
  7929 | D:9      | Found a huge runed gate.
  7929 | D:9      | Found a huge runed gate.
  7929 | D:9      | Found a huge runed gate.
  7929 | D:9      | Found a huge runed gate.
  7929 | D:9      | Noticed a manticore
  7975 | D:9      | Found a flagged portal.
  8013 | Bailey   | Entered a bailey
  8104 | Bailey   | Noticed an orc knight
  8109 | Bailey   | Noticed an orc knight
  8114 | Bailey   | Reached ***** piety under Trog
  8122 | Bailey   | Killed an orc knight
  8122 | Bailey   | Reached skill level 14 in Axes
  8129 | Bailey   | Killed an orc knight
  8129 | Bailey   | Reached XP level 11. HP: 22/101 MP: 10/10
  8614 | D:9      | Received a gift from Trog
  9103 | D:9      | Found a staircase to the Orcish Mines.
  9435 | D:10     | Entered Level 10 of the Dungeon
  9457 | D:10     | Noticed a two-headed ogre
  9469 | D:10     | Killed a two-headed ogre
  9469 | D:10     | Reached skill level 15 in Axes
  9525 | D:10     | Noticed a two-headed ogre
  9535 | D:10     | Killed a two-headed ogre
 10249 | D:10     | Found a staircase to the Lair.
 10385 | D:10     | Noticed Erica
 10394 | D:10     | Killed Erica
 10628 | D:11     | Noticed a two-headed ogre
 10631 | D:11     | Killed a two-headed ogre
 10641 | D:11     | Reached XP level 12. HP: 112/112 MP: 11/11
 10651 | D:11     | Reached skill level 16 in Axes
 11311 | D:11     | Noticed a five-headed hydra
 11434 | Lair:1   | Entered Level 1 of the Lair of Beasts
 12389 | Lair:2   | Reached skill level 1 in Evocations
 12437 | Lair:2   | Noticed a six-headed hydra
 12804 | Lair:2   | Killed a 12-headed hydra
 13508 | Lair:2   | Found a shimmering altar of Xom.
 13568 | Lair:2   | Received a gift from Trog
 13616 | Lair:2   | HP: 2/113 [swamp worm/harpoon shot (5)]
 13616 | Lair:2   | Mangled by a swamp worm

Vault maps used:
D:1:      erik_arrival_cave_to_civilisation, st_stairs_4
D:2:      lemuel_blue_sif_altar
D:4:      tso_altar, minmay_temple_entry_trees
D:5:      first_ration, uniq_ijyb, uniq_edmund, uniq_eustachio, uniq_grinder
D:6:      corexii_shack
D:8:      enter_ossuary_4, david_nohive_1, hangedman_feature_mirror,
          uniq_maurice, uniq_joseph
D:9:      lemuel_bear_cage, orc_0_dummy, enter_bailey_2
D:10:     david_lair_shrubbed, uniq_erica
Lair:2:   enter_volcano_2, basic_altar, worms_lemuel, grunt_megastairs_3
Ossuary:  ossuary_the_hunt_dpeg
Bailey:   bailey_axe_1, bailey

Skill      XL: |  1  2  3  4  5  6  7  8  9 10 11 12 |
---------------+-------------------------------------+-----
Axes           | 4 5 6 7 8 10 12 14 15 16 | 16.9
Fighting       | 4 5 6 7 9 10 12 | 12.8
Armour         | 3 4 5 6 7 9 10 11 12 | 12.6
Evocations     | 3 |  3.0
Dodging        | |  2.5

Action                   |  1- 3 |  4- 6 |  7- 9 | 10-12 || total
-------------------------+-------+-------+-------+-------++-------
Melee: Hand axe          |    78 |    97 |   289 |   325 ||   789
       Headbutt          |    13 |    21 |    73 |   121 ||   228
       Battleaxe         |       |       |       |   254 ||   254
Throw: Tomahawk          |       |       |       |    17 ||    17
Invok: Berserk           |       |     1 |     5 |     8 ||    14
       Trog's Hand       |       |       |       |     1 ||     1
       Brothers in Arms  |       |       |       |     2 ||     2
  Use: Scroll            |       |       |     2 |    11 ||    13
       Potion            |       |       |       |     2 ||     2
  Eat: Chunk             |       |     3 |    12 |    21 ||    36
       Ration            |       |       |     2 |     3 ||     5
Armor: Scale mail        |    33 |    35 |    40 |       ||   108
       Robe              |       |       |    10 |       ||    10
       Plate armour      |       |       |    41 |   403 ||   444
Dodge: Dodged            |    51 |    50 |   152 |   271 ||   524

Table legend:
 A = Non-vault XP
 B = Vault XP
 C = Vault XP percentage of total XP
 D = Non-vault monster count
 E = Vault monster count
 F = Vault count percentage of total count
                 A         B        C        D         E       F
            +---------+---------+-------+---------+---------+-------
      Total |   19083 |   13411 |  41.3 |     238 |     106 |  30.8
            +---------+---------+-------+---------+---------+-------
        D:1 |      46 |       7 |  13.2 |      23 |       5 |  17.9
        D:2 |      84 |       0 |   0.0 |      24 |       0 |   0.0
        D:3 |      89 |       0 |   0.0 |      17 |       0 |   0.0
        D:4 |     250 |       0 |   0.0 |      12 |       0 |   0.0
        D:5 |     952 |     694 |  42.2 |      18 |       4 |  18.2
        D:6 |     257 |       3 |   1.2 |      10 |       1 |   9.1
        D:7 |     800 |       0 |   0.0 |      20 |       0 |   0.0
        D:8 |    1039 |    3168 |  75.3 |      16 |      21 |  56.8
        D:9 |    2361 |    3917 |  62.4 |      22 |      18 |  45.0
       D:10 |    3679 |    1285 |  25.9 |      30 |       2 |   6.2
       D:11 |    3066 |       0 |   0.0 |      21 |       0 |   0.0
     Lair:1 |    1400 |       0 |   0.0 |       6 |       0 |   0.0
     Lair:2 |    5060 |    2289 |  31.1 |      19 |      10 |  34.5
    Ossuary |       0 |     340 | 100.0 |       0 |      13 | 100.0
     Bailey |       0 |    1708 | 100.0 |       0 |      32 | 100.0
            +---------+---------+-------+---------+---------+-------
